 Dungeon Sprint DCSS version 0.22-a0-157-g169b76a (webtiles) character file.

600 KristoblXynda the Carver (level 7, -11/55 HPs)
             Began as a Green Draconian Gladiator on Feb 8, 2018.
             Mangled by a tyrant leech (23 damage)
             ... in the Dungeon (Sprint II: "The Violet Keep of Menkaure").
             The game lasted 00:01:04 (237 turns).

KristoblXynda the Carver (Green Draconian Gladiator) Turns: 237, Time: 00:01:05

Health: -11/55     AC:  6    Str: 16    XL:     7   Next: 18%
Magic:  7/7        EV: 16    Int: 11    God:
Gold:   486        SH:  0    Dex: 12    Spells: 6/6 levels left

rFire    . . .     SeeInvis .   a - +0 long sword
rCold    . . .     Gourm    .   (no shield)
rNeg     . . .     Faith    .   (armour unavailable)
rPois    +         Spirit   .   b - +0 hat
rElec    .         Reflect  .   (no cloak)
rCorr    .         Harm     .   (no gloves)
MR       .....     NoTele   +   (no boots)
Stlth    +.........             (no amulet)
HPRegen  0.18/turn              (no ring)
MPRegen  0.10/turn              (no ring)

@: berserk cooldown, slowed, very slow
A: breathe noxious fumes, unfitting armour, poison resistance, cold-blooded, AC
+6
a: Breathe Noxious Fumes


You were in the Dungeon.
You were not hungry.

You visited 1 branch You collected 486 gold pieces.

Inventory:

Hand Weapons
 a - a +0 long sword (weapon)
Missiles
 c - 3 throwing nets (quivered)
Armour
 b - a +0 hat (worn)
Scrolls
 j - a scroll of blinking
Potions
 g - a potion of haste
 h - 2 potions of magic
Comestibles
 d - a ration


   Skills:
 - Level 2.1 Fighting
 + Level 9.5 Long Blades
 + Level 8.5 Throwing
 + Level 8.7 Dodging


You had 6 spell levels left.
You didn't know any spells.

Dungeon Overview and Level Annotations

Branches:
Dungeon (1/1)

Altars:


Innate Abilities, Weirdness & Mutations

You can breathe blasts of noxious fumes.
Your lurid green scales are hard. (AC +6)
You cannot fit into any form of body armour.
Your system is resistant to poisons. (rPois)
You are cold-blooded and may be slowed by cold attacks.


Message History

The tyrant leech is almost dead.
The tyrant leech misses you.
You barely miss the tyrant leech.
The tyrant leech is almost dead.
You are no longer berserk.
You are exhausted.
You feel yourself slow down.
You slash the tyrant leech!
You kill the tyrant leech!
Your Long Blades skill increases to level 9!
Your Throwing skill increases to level 8!
You have reached level 7!
Your scales start taking on a lurid green colour.
You learn Poison Magic much quicker.
You can breathe blasts of noxious fumes.
You feel resistant to poisons.
You feel better. The tyrant leech misses you.
You riposte.
You completely miss the tyrant leech.
Your tail-slap misses the tyrant leech.
The tyrant leech bites you!!
You die...

##+## ##...##
#..#).# #
#...#### ##.
##'###.##
#..$##@###..#
#'w<.†.##+
#...##.###..#
##. #+# #.##
# ###


You could see a tyrant leech.

Vanquished Creatures
  A merfolk siren (D)
  A tyrant leech (D)
  4 worker ants (D)
6 creatures vanquished.

Notes
Turn   | Place    | Note
-------+----------+-------------------------------------------
     0 | D        | KristoblXynda the Draconian Gladiator began the quest for the Orb.
     0 | D        | Reached XP level 1. HP: 17/17 MP: 1/1
     1 | D        | Noticed a merfolk siren
    17 | D        | Killed a merfolk siren
    17 | D        | Reached skill level 8 in Long Blades
    17 | D        | Reached XP level 2. HP: 24/24 MP: 2/2
    17 | D        | Reached XP level 3. HP: 29/29 MP: 3/3
    17 | D        | Reached XP level 4. HP: 36/36 MP: 4/4
    17 | D        | Reached XP level 5. HP: 41/41 MP: 5/5
    17 | D        | Reached XP level 6. HP: 48/48 MP: 6/6
   210 | D        | Noticed a tyrant leech
   210 | D        | Noticed a tyrant leech
   227 | D        | HP: 2/72 [tyrant leech (16)]
   235 | D        | Killed a tyrant leech
   235 | D        | Reached skill level 9 in Long Blades
   235 | D        | Your scales start taking on a lurid green colour.
   235 | D        | Reached XP level 7. HP: 2/55 MP: 7/7
   235 | D        | Gained mutation: Your system is resistant to poisons. (rPois) [Green Draconian growth]
   237 | D        | Mangled by a tyrant leech

Vault maps used:
D:        the_violet_keep_of_menkaure

Skill      XL: |  1  2  3  4  5  6 |
---------------+-------------------+-----
Long Blades    | 8 9 |  9.5
Throwing       | 7 8 |  8.5
Dodging        | 7 8 |  8.7
Fighting       | |  2.1

Action                   |  1- 3 |  4- 6 |  7- 9 || total
-------------------------+-------+-------+-------++-------
Melee: Long sword        |    13 |    37 |       ||    50
       Tailslap          |     4 |     2 |       ||     6
  Use: Potion            |     1 |     1 |     1 ||     3
Armor: Skin              |       |     1 |       ||     1
Dodge: Dodged            |     2 |    16 |     1 ||    19
       Rpst.: Long sword |       |     5 |     1 ||     6

Table legend:
 A = Spawn XP
 B = Non-spawn XP
 C = Spawn XP percentage of total XP
 D = Spawn monster count
 E = Non-spawn monster count
 F = Spawn count percentage of total count
 G = Total turns spent on level
                    A         B        C        D         E        F      G
               +---------+---------+-------+---------+---------+-------+---------
         Total |       0 |     858 |   0.0 |       0 |       6 |   0.0 |   237
               +---------+---------+-------+---------+---------+-------+---------
             D |       0 |     858 |   0.0 |       0 |       6 |   0.0 |   237
               +---------+---------+-------+---------+---------+-------+---------
